 Dungeon Crawl Stone Soup version 0.31-a0-1539-g569d6c7dce (webtiles) character file.

Game seed: 13319166914568374201

37 Flugslaktarn the Trooper (level 3, -2/34 HPs)
             Began as a Minotaur Fighter on Jan 1, 2024.
             Succumbed to Sigmund's poison
             ... on level 2 of the Dungeon.
             The game lasted 00:00:34 (938 turns).

Flugslaktarn the Trooper (Minotaur Fighter)          Turns: 938, Time: 00:00:35

Health: -2/34      AC: 11    Str: 20 (22) XL:     3   Next: 21%
Magic:  2/2        EV:  5    Int:  2 (5)  God:
Gold:   21         SH:  4    Dex:  8 (9)  Spells: 2/2 levels left

rFire   . . .        a - +0 war axe
rCold   . . .        c - +0 buckler
rNeg    . . .        f - +0 plate armour
rPois   .            (helmet restricted)
rElec   .            (no cloak)
rCorr   .            (no gloves)
SInv    .            (no boots)
Will    .....        (no amulet) Stlth
                     (no ring)
HPRegen 0.25/turn    (no ring)
MPRegen 0.08/turn

%: no passive effects
@: mighty, lethally poisoned (-2 -> -30)
A: horns 2, retaliatory headbutt
a: no special abilities


You were on level 2 of the Dungeon.
You visited 1 branch of the dungeon, and saw 2 of its levels.

You collected 21 gold pieces.

Inventory:

Hand Weapons
 a - a +0 war axe (weapon)
Armour
 b - a +0 scale mail
 c - a +0 buckler (worn)
 f - a +0 plate armour (worn)
   (You found it on level 1 of the Dungeon)
Scrolls
 g - a scroll of immolation {unknown}
 h - a scroll of noise {unknown}
 i - a scroll of enchant armour {unknown}
 j - a scroll of identify {unknown}


   Skills:
 * Level 4.3 Fighting
 * Level 3.4 Axes
 + Level 4.0 Armour
 - Level 3.6 Shields


You had 2 spell levels left.
You didn't know any spells.
Your spell library contained the following spells:

 Spells                   Type           Power      Damage    Failure   Level
 Blink                    Tloc           0%         N/A       100%        2
 Lesser Beckoning         Tloc           0%         N/A       100%        2
 Momentum Strike          Conj/Tloc      0%         3d8       100%        2


Dungeon Overview and Level Annotations

Branches:
Dungeon (2/15)

Altars:
Makhleb

Annotations:
D:2 Sigmund


Innate Abilities, Weirdness & Mutations

You have a pair of horns on your head.
You reflexively headbutt those who attack you in melee.


Message History

Found a scroll labelled YRUXTI XEKHE.
You block the bat's attack.
A bat is nearby!
A bat is nearby!
You closely miss the bat. The bat hits you but does no damage.
You block the bat's attack.
You hit the bat.
You kill the bat!
No target in view!
No target in view!
No target in view!
You see here a bat corpse.
i - a scroll labelled YRUXTI XEKHE No target in view!
A hobgoblin comes into view.
The hobgoblin shouts!
A hobgoblin is nearby!
A hobgoblin is nearby!
The hobgoblin hits you.
You closely miss the hobgoblin. The hobgoblin hits you.
The hobgoblin hits you but does no damage.
You barely miss the hobgoblin. Your headbutt misses the hobgoblin.
The hobgoblin closely misses you. You furiously retaliate!
You headbutt the hobgoblin.
You kill the hobgoblin!
No target in view!
No target in view!
A hobgoblin comes into view.
The hobgoblin shouts!
You hit the hobgoblin but do no damage.
The hobgoblin hits you but does no damage.
A hobgoblin is nearby!
A hobgoblin is nearby!
You slash the hobgoblin!
You kill the hobgoblin!
No target in view!
No target in view!
No target in view!
No target in view!
Items here: ) †††.
Done exploring.
Done exploring.
Done exploring.
No target in view!
Unknown command.
Done exploring.
Done exploring.
There is a stone staircase leading down here.
You climb downwards.
Found a falchion.
Found a stone staircase leading up.
There is a stone staircase leading up here.
A bat is nearby!
Unknown command.
A bat is nearby!
A bat is nearby!
A bat is nearby!
The bat hits you but does no damage.
You slash the bat!
You kill the bat!
No target in view!
No target in view!
No target in view!
No target in view!
No target in view!
No target in view!
Found a burning altar of Makhleb.
No target in view!
j - a scroll labelled PAWKEBRAOPP You now have 21 gold pieces (gained 12).
Found a stone staircase leading down.
No target in view!
No target in view!
No target in view!
No target in view!
No target in view!
Found a stone staircase leading up.
There is a stone staircase leading up here.
Found a stone staircase leading down.
Sigmund the Dreaded comes into view.
He is wielding a +5 scythe of venom.
Sigmund shouts!
Sigmund gestures at you while chanting.
The magic dart hits you but does no damage.
Sigmund hits you from afar with a +5 scythe of venom.
You are poisoned.
You feel very sick.
There is a stone staircase leading down here.
You closely miss Sigmund.
You feel sick. Sigmund barely misses you.
You barely miss Sigmund. Your headbutt misses Sigmund.
You feel sick.
Sigmund hits you with a +5 scythe of venom!
You are lethally poisoned!
Unknown command.
You feel very mighty all of a sudden.
* * * LOW HITPOINT WARNING * * *
You feel very sick.
Sigmund hits you with a +5 scythe of venom.
* * * LOW HITPOINT WARNING * * *
You are more poisoned.
It was a potion of degeneration.
There was something very wrong with that liquid.
You feel weakened.
You feel dopey.
You feel clumsy.
You die...

#. #... # #...# .#
#...# ... #...# .#..
#...###### ...#
##........####...#
#...........@..# ##
#.#.#...#.###@......
.####..<.#..#.#
.######
......#....)...# .#
.####.#..#..##.# .#
.# #.#.##..##.# .#
.# #........... .#
.# ###.######.# ##
.# ###.### .


You could see Sigmund.

Vanquished Creatures
  A gnoll (D:1)
  A dart slug (D:1)
  2 endoplasms (D:1)
  5 hobgoblins (D:1)
  2 kobolds (D:1)
  4 quokkas (D:1)
  2 ball pythons (D:1)
  5 bats
  A frilled lizard (D:1)
23 creatures vanquished.

Notes
Turn   | Place    | Note
-------+----------+-------------------------------------------
     0 | D:1      | Flugslaktarn the Minotaur Fighter began the quest for the
                  | Orb.
     0 | D:1      | Reached XP level 1. HP: 19/19 MP: 0/0
   196 | D:1      | Reached XP level 2. HP: 27/27 MP: 1/1
   630 | D:1      | Reached XP level 3. HP: 15/33 MP: 2/2
   884 | D:2      | Found a burning altar of Makhleb.
   930 | D:2      | Noticed Sigmund
   938 | D:2      | Succumbed to Sigmund's poison

Illustrated notes

Levels and vault maps discovered:
D:1:      psy_arrival_statuary, layout_basic, minmay_splitting_lines
D:2:      layout_loops_cross, serial_shops, nicolae_shop_tiny_real_fake_doors,
          basic_altar, kennysheep_generic_room_13, uniq_sigmund,
          uniq_crazy_yiuf_cottage

Skill      XL: |  1  2  3 |
---------------+----------+-----
Fighting       | 4 |  4.3
Axes           | 3 |  3.4
Armour         | 4 |  4.0
Shields        | |  3.6

Action                     || total
---------------------------++-------
  Melee: War axe           ||    58
         Headbutt          ||     3
    Use: Potion            ||     2
 Armour: Plate armour      ||    49
  Dodge: Dodged            ||    11
  Block: Buckler           ||    12

Table legend: (Time is in decaauts)
 A = Elapsed time spent in this place.
 B = Non-inter-level travel time spent in this place.
 C = Inter-level travel time spent in this place.
 D = Time resting spent in this place.
 E = Time spent auto-exploring this place.
 F = Levels seen in this place.
 G = Mean time per level.
                   A        B        C        D        E       F      G
               +--------+--------+--------+--------+--------+-----+--------+
         Total |    960 |    923 |     37 |     65 |    689 |   2 |  480.0 |
       Dungeon |    960 |    923 |     37 |     65 |    689 |   2 |  480.0 |
               +--------+--------+--------+--------+--------+-----+--------+

Top non-repeatable levels by time:
     D:1: 895 daAuts
     D:2: 64 daAuts
